 Dungeon Crawl Stone Soup version 0.28.0-53-g5a82cb258f (webtiles) character file.

Game seed: 1875694362492153703

25942 KrombopulosMichael the Thaumaturge (level 13, -12/104 HPs)
             Began as a Formicid Cinder Acolyte on June 30, 2022.
             Was a High Priest of Ignis.
             Mangled by an eight-headed hydra (13 damage)
             ... on level 11 of the Dungeon.
             The game lasted 00:44:46 (14340 turns).

KrombopulosMichael the Thaumaturge (FoCA)          Turns: 14340, Time: 00:44:46

Health: -12/104    AC: 11    Str: 22    XL:     13   Next: 54%
Magic:  25/27      EV: 12    Int: 14    God:    Ignis [*****.]
Gold:   1876       SH:  5    Dex: 10    Spells: 21/33 levels left

rFire   + + +      SeeInvis +   J - staff of fire
rCold   . . .      Faith    .   (no shield)
rNeg    . . .      Spirit   .   e - +0 leather armour of the Salamander {Will+ Slay+3}
rPois   +          Reflect  +   (helmet unavailable)
rElec   +          Harm     .   t - +2 cloak {rCorr}
rCorr   +          Rampage  .   s - +1 pair of gloves
Will    ++...                   d - +0 pair of boots
Stlth   ++........              M - amulet of reflection
HPRegen 0.27/turn               l - ring "Lopnut" {Contam rElec rPois rF+ rC+}
MPRegen 0.20/turn               K - ring of fire

@: rising, flying
A: permanent stasis, dig shafts and tunnels, antennae 3, four strong arms,
hooves 1, strong 1, wild magic 1
a: Dig, Shaft Self, Renounce Religion, Fiery Armour, Foxfire Swarm


You were on level 11 of the Dungeon.
You worshipped Ignis.
Ignis was extremely pleased with you.
You visited 2 branches of the dungeon, and saw 14 of its levels.
You also visited: Bailey.

You collected 1876 gold pieces.

Inventory:

Hand Weapons
 a - a +3 spear of flaming
 g - the +9 hunting sling of the Sky {speed, rElec rF++ rCorr Str-3}
   (You found it on level 6 of the Dungeon)

   Attacks with this weapon are significantly faster.
   Str:       It affects your strength (-3).
   rF:        It greatly protects you from fire.
   rElec:     It insulates you from electricity.
   rCorr:     It protects you from acid and corrosion.
Missiles
 b - 12 boomerangs (quivered)
 n - 33 sling bullets
Armour
 d - a +0 pair of boots (worn)
 e - the +0 leather armour of the Salamander (worn) {Will+ Slay+3}
   (You found it on level 3 of the Dungeon)

   Slay:      It affects your accuracy & damage with ranged weapons and melee
   (+3).
   Will:      It increases your willpower.
 i - a +2 scale mail of cold resistance
 s - a +1 pair of gloves (worn)
 t - a +2 cloak of preservation (worn)
Magical Staves
 J - a staff of fire (weapon)
Jewellery
 h - a ring of protection from cold
 l - the ring "Lopnut" (left hand) {Contam rElec rPois rF+ rC+}
   (You took it off a hobgoblin on level 3 of the Dungeon)

   [ring of protection from fire]

   rF:        It protects you from fire.
   rC:        It protects you from cold.
   rElec:     It insulates you from electricity.
   rPois:     It protects you from poison.
   Contam:    It causes magical contamination when unequipped.
 p - a ring of willpower
 q - an amulet of guardian spirit
 y - a +4 ring of evasion
 F - a +4 ring of protection
 H - a +4 ring of slaying
 K - a ring of fire (right hand)
 M - an amulet of reflection (around neck)
Wands
 v - a wand of polymorph (9)
 x - a wand of mindburst (29)
 I - a wand of acid (6)
 L - a wand of flame (12)
Scrolls
 c - a scroll of enchant weapon
 f - 2 scrolls of identify
 k - a scroll of fear
 z - a scroll of fog
 E - a scroll of noise
 G - 2 scrolls of brand weapon
 N - a scroll of amnesia
Potions
 j - a potion of attraction
 m - 2 potions of heal wounds
 o - 3 potions of mutation
 u - a potion of resistance
 w - 5 potions of curing
 A - 3 potions of ambrosia
 C - 5 potions of lignification
 D - a potion of magic


   Skills:
 * Level 10.3 Fighting
 + Level 4.6 Polearms
 + Level 10.2(10.3) Slings
 + Level 2.1(6.2) Throwing
 * Level 9.5 Armour
 + Level 2.5 Dodging
 + Level 2.3 Stealth
 + Level 0.7 Shields
 + Level 10.6 Spellcasting
 * Level 5.4 Conjurations
 + Level 9.0 Fire Magic
 + Level 0.7 Evocations


You had 21 spell levels left.
You knew the following spells:

 Your Spells              Type           Power      Damage    Failure   Level
a - Scorch                Fire           100%       2d10      1%          2
b - Fireball              Conj/Fire      34%        3d14      22%         5
c - Slow                  Hex            36%        N/A       16%         1
d - Dispel Undead         Necr           9%         3d8       80%         4

Your spell library contained the following spells:

 Spells                   Type           Power      Damage    Failure   Level
 Animate Skeleton         Necr           18%        N/A       16%         1
 Freeze                   Ice            36%        1d6       16%         1
 Pain                     Necr           36%        1d5       16%         1
 Corpse Rot               Necr/Air       18%        N/A       24%         2
 Sublimation of Blood     Necr           9%         N/A       24%         2
 Wereblood                Tmut           9%         N/A       24%         2
 Confusing Touch          Hex            9%         N/A       41%         3
 Frozen Ramparts          Ice            18%        1d3       41%         3
 Vampiric Draining        Necr           9%         2d6       41%         3
 Iskenderun's Battlesphe  Conj           29%        2d8       41%         5
 Hailstorm                Conj/Ice       19%        3d6       43%         4
 Conjure Ball Lightning   Conj/Air       9%         3x3d6     100%        6
 Death Channel            Necr           4%         N/A       100%        6
 Orb of Destruction       Conj           14%        9d7       100%        7
 Summon Hydra             Summ           4%         N/A       100%        7


Dungeon Overview and Level Annotations

Branches:
Dungeon (9/15)             Temple (0/1) D:6            Lair (4/6) D:8
 Shoals (0/4) Lair:3       Spider (0/4) Lair:3       Bailey (visited)
    Orc: D:9-12

Altars:
Ashenzari
Elyvilon
Okawaru
Sif Muna
Xom
Zin
The Shining One


Innate Abilities, Weirdness & Mutations

You cannot be hasted, slowed, berserked, paralysed or teleported.
You can dig through walls and to a lower floor.
You have a pair of large antennae on your head. (SInv)
Your four strong arms can wield two-handed weapons with a shield.
You have large cloven feet.
Your muscles are strong. (Str +2)
Your spells are a little harder to cast, but a little more powerful.


Message History

* * * LOW HITPOINT WARNING * * *
The eight-headed hydra barely misses you.
You block the eight-headed hydra's attack.
The eight-headed hydra bites you.
* * * LOW HITPOINT WARNING * * *
The eight-headed hydra barely misses you. x2
The eight-headed hydra misses you.
Unknown command.
Okay, then.
You feel much better.
The eight-headed hydra bites you but does no damage.
The eight-headed hydra bites you!
* * * LOW HITPOINT WARNING * * *
The eight-headed hydra bites you but does no damage.
You block the eight-headed hydra's attack.
The eight-headed hydra bites you.
* * * LOW HITPOINT WARNING * * *
The eight-headed hydra bites you but does no damage.
The eight-headed hydra bites you.
* * * LOW HITPOINT WARNING * * *
The eight-headed hydra bites you.
* * * LOW HITPOINT WARNING * * *
Unknown command.
Okay, then.
Casting: Slow (safe; 16% risk of failure)
Confirm with . or Enter, or press ? or * to list all spells.
Aiming: Slow (safe; 16% risk of failure)
Press: ? - help, Shift-Dir - straight line, f/p - eight-headed hydra
Aim: an eight-headed hydra (chance to affect: 16%)
Okay, then.
Okay, then.
You begin to rise into the air.
The eight-headed hydra bites you.
* * * LOW HITPOINT WARNING * * *
The eight-headed hydra bites you.
* * * LOW HITPOINT WARNING * * *
The eight-headed hydra bites you but does no damage.
The eight-headed hydra bites you!
* * * LOW HITPOINT WARNING * * *
The eight-headed hydra bites you!
You die...

####### ##########
#.....# #........#
#.....####........####
#.....##.'........'...
+.....##.#........####
#.....##.#......=.#
#.....'..#........#
#....@####........#
####D## #######+##
##...# #..###
####.######
#.........#
#######.#.# #.#.#
#.###


You could see an eight-headed hydra.

Vanquished Creatures
  2 hydras
  A catoblepas (Lair:3)
  2 two-headed ogres
  2 death yaks (Lair:4)
  Urug (Lair:1)
  A cyclops (D:8)
  5 elephants (Lair:4)
  Maggie (D:8)
  14 cane toads
  A rime drake (Lair:1)
  4 komodo dragons
  A polar bear (Lair:1)
  A troll (D:6)
  Grinder (D:5)
  The ghost of quokkamancerX the Slasher, an amateur HuBe of Trog (D:4)
  A snapping turtle (Lair:3)
  9 blink frogs
  4 spriggans (Bailey)
  3 wyverns
  23 yaks
  2 basilisks
  A fire bat (D:6)
  Eustachio (D:6)
  A steam dragon (D:8)
  Menkaure (D:5)
  An acid dragon (Bailey)
  12 water moccasins
  An orc warrior (D:8)
  An ice beast (D:3)
  3 black bears
  12 ogres
  3 wolves (Lair:3)
  2 centaurs
  7 bullfrogs
  A kobold brigand (D:8)
  Blork the orc (D:5)
  A scorpion (D:4)
  5 wights (D:7)
  9 killer bees
  2 electric eels (D:8)
  3 howler monkeys (D:8)
  A bullfrog zombie (D:6)
  6 hounds
  A centaur skeleton (D:7)
  Crazy Yiuf (D:5)
  2 jellies
  2 bullfrog skeletons
  3 orc priests
  2 centaur zombies (D:8)
  An iguana (D:6)
  Terence (D:2)
  7 orc wizards
  5 hell rats (Lair:3)
  A howler monkey zombie (D:5)
  Robin (D:3)
  4 adders
  3 river rats (D:5)
  A white imp (D:7)
  4 worms
  A dart slug (D:2)
  17 orcs
  6 endoplasms
  3 giant cockroaches
  14 goblins
  9 hobgoblins
  8 jackals
  16 kobolds
  2 quokkas
  10 ball pythons
  4 bats
  4 frilled lizards
  9 rats
297 creatures vanquished.

Vanquished Creatures (collateral kills)
  An ogre (D:5)
  A white imp (D:5)
  A dart slug (D:5)
3 creatures vanquished.

Vanquished Creatures (others)
  8 fungi
  27 plants
35 creatures vanquished.

Grand Total: 335 creatures vanquished

Notes
Turn   | Place    | Note
-------+----------+-------------------------------------------
     0 | D:1      | KrombopulosMichael the Formicid Cinder Acolyte began the
                  | quest for the Orb.
     0 | D:1      | Reached XP level 1. HP: 18/18 MP: 2/2
   291 | D:1      | Reached XP level 2. HP: 24/24 MP: 3/3
   300 | D:1      | Learned a level 2 spell: Scorch
   613 | D:1      | Found a faded altar of an unknown god.
   847 | D:1      | Reached XP level 3. HP: 29/29 MP: 1/4
   955 | D:1      | Reached skill level 1 in Armour
  1260 | D:2      | Reached XP level 4. HP: 37/37 MP: 0/6
  1654 | D:2      | Noticed Terence
  1739 | D:2      | Killed Terence
  1805 | D:2      | Reached XP level 5. HP: 42/42 MP: 2/7
  2535 | D:3      | Noticed Robin
  2551 | D:3      | Killed Robin
  2853 | D:3      | Noticed an ice beast
  2870 | D:3      | Killed an ice beast
  2871 | D:3      | Reached XP level 6. HP: 48/48 MP: 1/9
  2975 | D:3      | Identified the +0 leather armour of the Salamander {Will+
                  | Slay+3}
  3047 | D:3      | Identified the ring "Lopnut" {Contam rElec rPois rF+ rC+}
  3471 | D:4      | Reached XP level 7. HP: 30/55 MP: 0/11
  3473 | D:4      | Reached skill level 1 in Dodging
  3668 | D:4      | Noticed quokkamancerX's ghost (amateur HuBe)
  3671 | D:4      | Found a transporter.
  3678 | D:4      | Found a transporter.
  3697 | D:4      | Identified a scroll of acquirement
  3698 | D:4      | Acquired 1171 gold pieces
  3958 | D:4      | Learned a level 5 spell: Fireball
  4165 | D:4      | Gained mutation: You expend magic power (3 MP) to
                  | strengthen your wands. [potion of mutation]
  4165 | D:4      | Gained mutation: You have large cloven feet. [potion of
                  | mutation]
  4165 | D:4      | Gained mutation: You have hidden genetic potential. [potion
                  | of mutation]
  4177 | D:5      | Entered Level 5 of the Dungeon
  4256 | D:5      | Noticed Blork the orc
  4258 | D:5      | Reached XP level 8. HP: 61/61 MP: 3/13
  4261 | D:5      | Killed Blork the orc
  4261 | D:5      | Noticed Grinder
  4262 | D:5      | Reached skill level 5 in Fire Magic
  4375 | D:6      | Found a transporter.
  4419 | D:6      | Found a transporter.
  4458 | D:6      | Reached skill level 5 in Fighting
  4480 | D:6      | Reached skill level 1 in Stealth
  4490 | D:6      | Noticed a troll
  4493 | D:6      | Gained mutation: Your spells are a little harder to cast,
                  | but a little more powerful. [hidden potential]
  4500 | D:6      | Killed a troll
  4501 | D:6      | Reached skill level 5 in Spellcasting
  4574 | D:6      | Noticed a fire bat
  4637 | D:5      | Killed Grinder
  4702 | D:5      | Reached XP level 9. HP: 68/68 MP: 11/17
  4724 | D:5      | Found a runed translucent door.
  4862 | D:5      | Found a broken altar of Ashenzari.
  5027 | D:5      | Noticed Menkaure
  5055 | D:5      | Killed Menkaure
  5059 | D:5      | Gained mutation: You are covered in fur. (AC +1) [hidden
                  | potential]
  5059 | D:5      | Lost mutation: You have hidden genetic potential. [hidden
                  | potential expressed]
  5487 | D:5      | Noticed Crazy Yiuf
  5501 | D:5      | Killed Crazy Yiuf
  5751 | D:6      | Found a staircase to the Ecumenical Temple.
  5775 | D:6      | Noticed Eustachio
  5795 | D:6      | Killed Eustachio
  6379 | D:6      | Identified the +9 hunting sling of the Sky {speed, rElec
                  | rF++ rCorr Str-3}
  6551 | D:4      | Killed quokkamancerX's ghost
  6610 | D:7      | Found a flagged portal.
  6624 | D:7      | Reached skill level 5 in Armour
  6687 | D:7      | Found an iron altar of Okawaru.
  6704 | Bailey   | Entered a bailey
  6740 | Bailey   | Reached XP level 10. HP: 76/76 MP: 17/22
  6752 | Bailey   | Reached skill level 1 in Throwing
  6901 | Bailey   | Lost mutation: You expend magic power (3 MP) to strengthen
                  | your wands. [potion of mutation]
  6901 | Bailey   | Lost mutation: You are covered in fur. (AC +1) [potion of
                  | mutation]
  6901 | Bailey   | Gained mutation: Your muscles are strong. (Str +2) [potion
                  | of mutation]
  6980 | Bailey   | Noticed a two-headed ogre
  6986 | Bailey   | Killed a two-headed ogre
  7822 | D:8      | Found a staircase to the Lair.
  7859 | D:8      | Found a shimmering altar of Xom.
  7898 | D:8      | Reached skill level 1 in Conjurations
  7914 | D:8      | Noticed a two-headed ogre
  7924 | D:8      | Killed a two-headed ogre
  7925 | D:8      | Reached XP level 11. HP: 77/84 MP: 14/24
  7998 | D:8      | Noticed Maggie
  8005 | D:8      | Killed Maggie
  8121 | D:8      | Identified the +0 war axe of Extinguishment {freeze, rCorr
                  | Str+4 Dex+3}
  8151 | D:8      | Found a shimmering blue altar of Sif Muna.
  8352 | D:8      | Reached skill level 5 in Slings
  8598 | D:8      | Noticed a cyclops
  8606 | D:8      | Killed a cyclops
  8736 | D:8      | Found a glowing silver altar of Zin.
  8736 | D:8      | Found a glowing golden altar of the Shining One.
  8736 | D:8      | Found a white marble altar of Elyvilon.
  8933 | Lair:1   | Entered Level 1 of the Lair of Beasts
  9682 | Lair:1   | Noticed a seven-headed hydra
  9692 | Lair:1   | Killed a seven-headed hydra
  9693 | Lair:1   | Reached XP level 12. HP: 70/94 MP: 13/25
  9808 | Lair:1   | Noticed Urug
  9818 | Lair:1   | Killed Urug
  9924 | Lair:1   | Learned a level 1 spell: Slow
 11400 | Lair:3   | Reached skill level 10 in Spellcasting
 11425 | Lair:3   | Found a hole to the Spider Nest.
 11560 | Lair:3   | Noticed a catoblepas
 11584 | Lair:3   | Killed a catoblepas
 11585 | Lair:3   | Reached XP level 13. HP: 23/102 MP: 12/27
 12122 | Lair:3   | Found a staircase to the Shoals.
 12567 | Lair:3   | Reached skill level 10 in Fighting
 12920 | Lair:4   | Reached skill level 10 in Slings
 12929 | Lair:4   | Reached skill level 5 in Conjurations
 13299 | Lair:4   | Noticed a four-headed hydra
 13303 | Lair:4   | Killed a four-headed hydra
 14156 | D:9      | You fall into a shaft and drop 2 floors!
 14178 | D:11     | Learned a level 4 spell: Dispel Undead
 14322 | D:11     | Noticed an eight-headed hydra
 14336 | D:11     | HP: 3/104 [eight-headed hydra (12)]
 14336 | D:11     | HP: 1/104 [eight-headed hydra (2)]
 14340 | D:11     | Mangled by an eight-headed hydra

Illustrated notes

Levels and vault maps discovered:
D:1:      dpeg_arrival_fog, layout_loops_ring,
          nicolae_ecumenical_snake_handling, dk_noncrumbling_2,
          minmay_misc_feat_chi
D:2:      layout_basic, uniq_terence
D:3:      layout_rooms, st_stairs_7, uniq_robin
D:4:      layout_rooms, serial_corexii_hall, corexii_hall_statues_t,
          corexii_hall_statues_x, gammafunk_ghost_arena
D:5:      layout_basic, ashenzari_altar_1, portal_sewer_entry_e,
          grunt_ministairs_15, uniq_grinder, uniq_crazy_yiuf_cottage,
          uniq_blork_the_orc, uniq_menkaure
D:6:      gammafunk_cloud_chamber, layout_basic, minmay_temple_entry_wispy,
          uniq_eustachio
D:7:      layout_gridville, mainiacjoe_overflow_surrounded_room, enter_bailey_2
D:8:      layout_basic, good_gods_mini_temple, mainiacjoe_overflow_chevrons,
          lemuel_doored_altar, lair_entry_dummy, serial_bayou_ford_a,
          uniq_maggie
D:9:      layout_rooms, mainiacjoe_overflow_catch_the_wave,
          roderic_roman_lattice, uniq_psyche
D:11:     layout_roguey
Lair:1:   layout_long_grid, uniq_urug
Lair:2:   layout_cave_pods, minmay_stone_trees_medium, lemuel_old_faithful
Lair:3:   layout_cellular_growth, minmay_shoals_entry_hut,
          spider_nest_entry_web_field
Lair:4:   layout_layer_cave, beast_lair_carwin_3

Skill      XL: |  1  2  3  4  5  6  7  8  9 10 11 12 13 |
---------------+----------------------------------------+-----
Armour         | 1 2 3 4 5 6 7 8 9 |  9.5
Spellcasting   | 2 3 5 8 9 10 | 10.6
Fire Magic     | 4 5 6 7 8 9 |  9.0
Fighting       | 4 5 6 7 8 9 10 | 10.3
Polearms       | 4 |  4.6
Dodging        | 1 2 |  2.5
Stealth        | 1 2 |  2.3
Throwing       | 2 |  2.1
Slings         | 4 7 9 10 | 10.2
Conjurations   | 1 3 4 5 |  5.4
Shields        | |  0.7
Evocations     | |  0.7

Action                   |  1- 3 |  4- 6 |  7- 9 | 10-12 | 13-15 || total
-------------------------+-------+-------+-------+-------+-------++-------
Melee: Spear             |    75 |   145 |    90 |    21 |     5 ||   336
       Punch             |       |     1 |     1 |       |       ||     2
 Fire: Hunting sling     |       |       |       |   366 |   111 ||   477
Throw: Boomerang         |       |       |    10 |     5 |       ||    15
 Cast: Scorch            |    10 |    46 |    90 |    78 |    44 ||   268
       Slow              |       |       |       |       |     3 ||     3
Invok: Fiery Armour      |     1 |       |       |       |     1 ||     2
       Rising Flame      |       |       |       |       |     1 ||     1
Evoke: Wand              |       |       |     4 |     4 |       ||     8
  Use: Scroll            |     1 |     5 |    12 |     4 |     5 ||    27
       Potion            |       |     1 |     3 |     4 |     3 ||    11
 Stab: Sleeping          |       |       |     1 |       |       ||     1
Armor: Robe              |    18 |     1 |       |       |       ||    19
       Leather armour    |       |    29 |    54 |    28 |    15 ||   126
       Scale mail        |       |    40 |       |       |       ||    40
Dodge: Dodged            |    39 |    59 |    54 |    47 |    26 ||   225
Block: Other             |       |       |       |     1 |    13 ||    14
